 Dungeon Crawl Stone Soup version 0.30-a0-1018-g25214051b3 (webtiles) character file.

Game seed: 7723698535629876467

119 greenreed the Trooper (level 4, 0/41 HPs)
             Began as a Minotaur Fighter on Apr 7, 2023.
             Slain by Duvessa
             ... wielding a +2 short sword of electrocution
              (7 damage)
             ... on level 4 of the Dungeon.
             The game lasted 00:01:38 (999 turns).

greenreed the Trooper (Minotaur Fighter)             Turns: 999, Time: 00:01:39

Health: 0/41       AC:  7    Str: 22    XL:     4   Next: 73%
Magic:  3/3        EV:  6    Int:  5    God:
Gold:   35         SH:  0    Dex: 10    Spells: 3/3 levels left

rFire   . . .      SeeInvis .    a - +0 rapier
rCold   . . .      Faith    .    c - +0 buckler
rNeg    . . .      Spirit   .    b - +0 scale mail
rPois   .          Reflect  .    (helmet restricted)
rElec   .          Rampage  .    (no cloak)
rCorr   .                        (no gloves)
Will    .....                    (no boots) Stlth
                                 (no amulet)
HPRegen 0.26/turn                (no ring)
MPRegen 0.08/turn                (no ring)

@: confused, constricted
A: horns 2, retaliatory headbutt
a: no special abilities


You were on level 4 of the Dungeon.
You visited 1 branch of the dungeon, and saw 4 of its levels.

You collected 35 gold pieces.

Inventory:

Hand Weapons
 a - a +0 rapier (weapon)
Missiles
 h - 5 boomerangs (quivered)
Armour
 b - a +0 scale mail (worn)
 c - a +0 buckler (worn)
Scrolls
 f - a scroll of enchant armour {unknown}
 g - 3 scrolls of identify {unknown}
 m - a scroll of brand weapon {unknown}
Potions
 d - 2 potions of might
 e - 4 potions of magic {unknown}
 i - a potion of mutation {unknown}
 j - 2 potions of heal wounds {unknown}
 k - a potion of haste {unknown}
 l - a potion of attraction {unknown}


   Skills:
 + Level 4.5 Fighting
 + Level 3.3 Short Blades
 + Level 4.5 Armour
 + Level 4.5 Shields


You had 3 spell levels left.
You didn't know any spells.
Your spell library contained the following spells:

 Spells                   Type           Power      Damage    Failure   Level
 Scorch                   Fire           0%         2d5       95%         2
 Flame Wave               Conj/Fire      0%         2d4       100%        4
 Summon Cactus Giant      Summ           0%         N/A       100%        6


Dungeon Overview and Level Annotations

Branches:
Dungeon (4/15)
 Temple: D:4-7

Altars:

Annotations:
D:4 2 runed translucent doors, Dowan, Duvessa, Sigmund


Innate Abilities, Weirdness & Mutations

You have a pair of horns on your head.
You reflexively headbutt those who attack you in melee.


Message History

A hobgoblin comes into view.
The hobgoblin shouts!
Duvessa, Sigmund and a ball python come into view.
Duvessa is wielding a +2 short sword of electrocution.
Duvessa shouts!
Sigmund shouts!
The ball python hisses angrily.
A kobold comes into view. It is wielding a +0 dagger.
Sigmund gestures wildly while chanting.
Sigmund flickers and vanishes!
Deactivating autopickup; reactivate with Ctrl-A.
Dowan gestures wildly while chanting.
Dowan blinks!
The kobold shouts!
Found a runed translucent gate.
You are confused.
The hobgoblin hits you. The hobgoblin attacks as you move away!
The hobgoblin hits you.
A puff of flame appears from out of thin air!
The puff of flame hits you.
The ball python bites you but does no damage.
The ball python grabs you. The ball python constricts you.
You hit the hobgoblin.
You kill the hobgoblin!
The ball python bites you but does no damage.
The ball python constricts you.
Dowan says, "Stay away from my face!"
You escape the ball python's grasp.
Dowan attacks as you move away! Dowan hits you with a +0 dagger.
Duvessa attacks as you move away!
Duvessa hits you with a +2 short sword of electrocution!
The ball python attacks as you move away!
The ball python completely misses you.
You miss Duvessa. Your headbutt misses Duvessa. The ball python bites you.
The ball python grabs you. The ball python constricts you.
Duvessa hits you with a +2 short sword of electrocution.
You are electrocuted!
* * * LOW HITPOINT WARNING * * *
You're too confused to move!
The ball python closely misses you. The ball python constricts you.
* * * LOW HITPOINT WARNING * * *
Duvessa hits you with a +2 short sword of electrocution!
You die...

+..##..#.. .
...#....##
..+...#.....##
..#. ........#
#Z#.##.......#
###..........#.#
#..............#
#?###Se.......
#...@e.K......
##<.....?...##
###..........
......?..#.
............
#####.#>.....
......... .....#


You could see Duvessa, Dowan, a ball python and a kobold.

Vanquished Creatures
  A black bear (D:2)
  A dart slug (D:1)
  3 endoplasms (D:1)
  2 giant cockroaches (D:1)
  4 goblins (D:1)
  4 hobgoblins
  A quokka (D:1)
  5 ball pythons
  A bat (D:1)
  2 frilled lizards
  2 kobolds (D:1)
  A rat (D:1)
27 creatures vanquished.

Notes
Turn   | Place    | Note
-------+----------+-------------------------------------------
     0 | D:1      | greenreed the Minotaur Fighter began the quest for the Orb.
     0 | D:1      | Reached XP level 1. HP: 19/19 MP: 0/0
   129 | D:1      | Reached XP level 2. HP: 27/27 MP: 1/1
   183 | D:1      | Found a faded altar of an unknown god.
   775 | D:2      | Reached XP level 3. HP: 33/33 MP: 2/2
   934 | D:2      | Noticed a black bear
   944 | D:2      | Killed a black bear
   945 | D:2      | Reached XP level 4. HP: 33/41 MP: 3/3
   990 | D:4      | Noticed Dowan
   990 | D:4      | Found a runed translucent gate.
   992 | D:4      | Noticed Duvessa
   992 | D:4      | Noticed Sigmund
   994 | D:4      | Found a runed translucent gate.
   999 | D:4      | Slain by Duvessa

Illustrated notes

Levels and vault maps discovered:
D:1:      scummos_arrival_checkerplants, layout_loops_ring,
          basic_ecumenical_altar
D:2:      minmay_angry_zag, layout_loops_cross, minivault_19,
          minmay_randomly_rotated_circles
D:3:      layout_loops_ring, serial_shops, nicolae_lakefront_shop, uniq_ijyb
D:4:      layout_rooms, minmay_temple_entry_glassed_door,
          gammafunk_ghost_necromancy, uniq_duvessa, uniq_sigmund

Skill      XL: |  1  2  3 |
---------------+----------+-----
Armour         | 4 |  4.5
Fighting       | 4 |  4.5
Shields        | 4 |  4.5
Short Blades   | 3 |  3.3

Action                     |  1- 3 |  4- 6 || total
---------------------------+-------+-------++-------
  Melee: Rapier            |    56 |     2 ||    58
         Headbutt          |    14 |       ||    14
 Armour: Scale mail        |    25 |     2 ||    27
  Dodge: Dodged            |    25 |     2 ||    27
  Block: Buckler           |    14 |       ||    14

Table legend: (Time is in decaauts)
 A = Elapsed time spent in this place.
 B = Non-inter-level travel time spent in this place.
 C = Inter-level travel time spent in this place.
 D = Time resting spent in this place.
 E = Time spent auto-exploring this place.
 F = Levels seen in this place.
 G = Mean time per level.
                   A        B        C        D        E       F      G
               +--------+--------+--------+--------+--------+-----+--------+
         Total |   1004 |    966 |     38 |      0 |    785 |   4 |  251.0 |
       Dungeon |   1004 |    966 |     38 |      0 |    785 |   4 |  251.0 |
               +--------+--------+--------+--------+--------+-----+--------+

Top non-repeatable levels by time:
     D:1: 772 daAuts
     D:2: 182 daAuts
     D:3: 39 daAuts
     D:4: 9 daAuts
